Map: Blueshift LE

Players

Moon - Winner!

  • Race: Protoss Protoss
  • League: Diamond
  • Spawn Location: 1:00

Robola

  • Race: Terran Terran
  • League: Diamond
  • Spawn Location: 7:00

VOD

Have the link to the VOD?

Description

Time

  • Played on: Jan. 5, 2019, 1:27 p.m.
  • Length: 16:38
Show
View Real Time Build Order
Export as new Build Order

Moon Protoss - Winner!

Build Orders: 1 Gate Expand, Archon Immortal, Colossus Rush 

Get SALT Encoding   

  12  0:01  Probe  
  13  0:13  Probe  
  14  0:17  Pylon  
  14  0:25  Probe  
  15  0:35  Probe  
  15  0:37  Gateway  
  16  0:44  Probe  
  16  0:46  Assimilator  
  17  0:52  Probe  
  18  1:04  Probe  
  19  1:16  Probe  
  20  1:25  Nexus  
  20  1:36  Cybernetics Core  
  20  1:39  Probe  
  21  1:46  Assimilator  
  21  1:51  Probe  
  22  1:56  Pylon  
  22  2:03  Probe  
  22  2:05  Adept  
  23  2:13  Warp Gate  
  23  2:15  Probe  
  26  2:25  Robotics Facility  
  26  2:34  Stalker  
  28  2:49  Probe x2  
  30  3:01  Probe x2  
  32  3:06  Observer  
  32  3:11  Stalker  
  35  3:13  Probe  
  35  3:14  Probe  
  37  3:22  Probe  
  37  3:24  Observer  
  37  3:25  Pylon  
  37  3:26  Probe  
  39  3:30  Probe  
  41  3:38  Probe  
  42  3:41  Gateway  
  42  3:42  Gateway  
  42  3:46  Observer  
  43  3:52  Probe x2  
  45  4:00  Robotics Bay  
  45  4:02  Assimilator  
  45  4:04  Probe x2  
  45  4:06  Assimilator  
  45  4:09  Pylon  
  47  4:16  Probe x2  
  49  4:28  Probe x2  
  51  4:37  Observer, Sentry x2  
  55  4:38  Stalker  
  55  4:40  Probe x2  
  59  4:52  Probe x2  
  61  4:58  Pylon  
  61  4:59  Pylon  
  61  5:03  Pylon, Colossus  
  61  5:14  Pylon  
  61  5:17  Extended Thermal Lance  
  61  5:19  Stalker  
  61  5:20  Stalker, Zealot  
  73  5:24  Probe x2  
  75  5:37  Forge  
  75  5:38  Twilight Council  
  75  5:42  Nexus, Colossus  
  75  5:47  Protoss Ground Armor Level 1  
  75  5:57  Pylon  
  75  6:00  Pylon  
  81  6:06  Probe  
  81  6:07  Probe  
  81  6:10  Blink  
  83  6:18  Pylon  
  82  6:20  Probe x2  
  84  6:32  Colossus, Probe x2  
  86  6:33  Assimilator  
  86  6:37  Assimilator  
  92  6:44  Probe x2  
  94  6:52  Pylon  
  94  6:56  Probe  
  94  6:59  Gateway  
  95  7:02  Gateway  
  95  7:05  Gateway  
  95  7:08  Gateway  
  95  7:11  Gateway  
  95  7:12  Gateway  
  95  7:13  Pylon  
  95  7:14  Pylon  
  95  7:17  Immortal, Probe x3  
  98  7:24  Observer  
  98  7:28  Protoss Ground Armor Level 2  
  102  7:31  Templar Archives  
  102  7:32  Pylon  
  102  7:52  Charge  
  102  7:54  Stalker x4  
  110  8:02  Immortal  
  110  8:05  Pylon  
  114  8:23  Zealot x8  
  123  8:32  Probe  
  123  8:33  Probe  
  125  8:35  Probe  
  126  8:41  Psionic Storm  
  126  8:45  Immortal, Probe x2  
  126  8:47  Probe  
  133  8:57  Probe  
  133  8:59  Probe x2  
  136  9:07  Pylon  
  136  9:09  Probe  
  137  9:10  High Templar x3  
  137  9:11  High Templar, Probe x2  
  137  9:13  High Templar x3  
  137  9:15  Zealot  
  155  9:18  Archon  
  155  9:19  Archon  
  155  9:23  Probe x2  
  157  9:26  Pylon  
  157  9:27  Immortal  
  161  9:53  Zealot x4  
  161  9:54  Zealot x5  
  141  10:20  Warp Prism  
  135  10:22  Stalker x4  
  135  10:23  Stalker x2  
  135  10:25  High Templar x3  
  155  10:39  Robotics Facility  
  155  10:40  Nexus  
  133  10:43  Pylon  
  133  10:44  Colossus  
  137  11:03  High Templar x4  
  145  11:04  Zealot x4  
  145  11:05  Zealot  
  145  11:06  Protoss Ground Armor Level 3  
  145  11:07  Archon x2  
  155  11:11  Assimilator  
  155  11:15  Assimilator, Probe x2  
  157  11:34  Immortal  
  154  12:13  Warp Prism  
  154  12:14  Probe x2  
  154  12:15  Probe  
  159  12:24  Zealot x4  
  159  12:25  Stargate, Zealot x5  
  159  12:27  Stargate  
  176  12:50  Stalker  
  176  12:51  Stalker x4  
  182  12:52  Stalker x3  
  182  12:53  Stalker  
  186  13:00  Photon Cannon  
  186  13:08  Probe x3  
  186  13:09  Probe  
  190  13:15  Sentry x2  
  190  13:17  Zealot x3  
  194  13:41  Zealot x3  
  162  13:42  Zealot x4  
  162  13:43  Zealot x2  
  130  14:23  High Templar  
  130  14:24  High Templar x4  
  132  14:25  High Templar x2  
  132  14:26  Zealot x2  
  132  14:28  Archon x2  
  132  14:29  Archon  
  126  14:46  Zealot  
  126  14:47  Zealot  
  96  15:06  Stalker  
  96  15:07  Stalker x7  
  104  15:16  Sentry  
  103  15:32  High Templar  
  103  15:33  High Templar x4  
  103  15:34  High Templar x3  
  119  15:38  Archon x4  
  111  16:06  Zealot  
  111  16:07  Zealot x7  
  111  16:08  Zealot  
  113  16:30  Stalker x3  
Show
View Real Time Build Order
Export as new Build Order

Robola Terran 

Build Orders: Liberator Opening, Reaper Expand 

Get SALT Encoding   

  12  0:00  SCV  
  13  0:13  SCV  
  14  0:17  Supply Depot  
  14  0:25  SCV  
  15  0:38  SCV  
  15  0:40  Barracks  
  16  0:44  Refinery  
  16  0:50  SCV  
  17  1:02  SCV  
  18  1:14  SCV  
  19  1:28  Orbital Command  
  19  1:29  Reaper  
  20  1:49  Command Center  
  20  1:53  SCV  
  21  2:00  Barracks  
  21  2:03  Barracks Reactor  
  21  2:06  SCV  
  22  2:15  Supply Depot  
  22  2:19  SCV  
  23  2:23  Refinery  
  23  2:29  Factory  
  23  2:36  SCV  
  24  2:48  SCV  
  25  2:53  Barracks Tech Lab  
  25  2:54  Marine x2  
  27  3:01  SCV  
  27  3:05  Orbital Command  
  28  3:15  SCV  
  28  3:18  Factory Reactor, Starport  
  28  3:19  Marine  
  29  3:20  Marine  
  29  3:22  Marine  
  32  3:28  SCV  
  32  3:33  Stimpack  
  33  3:34  SCV  
  33  3:41  Marine x2  
  35  3:42  Marauder  
  35  3:45  SCV  
  39  3:50  Supply Depot  
  39  3:52  Liberator  
  39  4:01  SCV  
  39  4:02  SCV, Refinery, Marine x2  
  42  4:05  Factory Tech Lab  
  43  4:13  SCV  
  43  4:14  Supply Depot, SCV  
  43  4:16  Marine  
  49  4:26  SCV  
  49  4:30  Marine x2  
  52  4:36  Medivac  
  52  4:37  Command Center  
  54  4:42  SCV x2  
  56  4:50  Siege Tank  
  56  4:51  Marine  
  60  4:54  SCV x2  
  62  5:04  Armory  
  62  5:05  Supply Depot  
  62  5:08  SCV x2  
  62  5:09  Supply Depot  
  62  5:12  Marine  
  65  5:19  Medivac  
  65  5:20  SCV  
  68  5:24  SCV, Marine  
  68  5:27  Marine  
  71  5:32  Supply Depot, SCV  
  71  5:34  Marine  
  73  5:36  SCV  
  73  5:40  Widow Mine  
  76  5:44  SCV, Refinery  
  76  5:47  Marine  
  76  5:48  Marine, SCV  
  80  5:50  Combat Shield  
  80  5:55  Marine  
  81  6:08  Drilling Claws  
  81  6:09  Starport  
  81  6:10  Liberator, Widow Mine  
  83  6:18  Supply Depot  
  83  6:21  Engineering Bay  
  83  6:23  Engineering Bay  
  83  6:26  Supply Depot  
  83  6:28  Medivac  
  83  6:30  Marine x2  
  83  6:31  Marine  
  91  6:33  Orbital Command  
  91  6:35  SCV  
  91  6:37  SCV  
  93  6:48  SCV, Marine x2  
  93  6:49  SCV  
  93  6:50  Starport Tech Lab  
  93  6:52  Fusion Core  
  97  6:56  Liberator  
  97  6:59  Terran Infantry Weapons Level 1, Terran Infantry Armor Level 1  
  97  7:00  Marine, SCV  
  99  7:06  Marine x2  
  101  7:10  SCV x2  
  101  7:12  SCV  
  101  7:13  Refinery  
  107  7:20  Supply Depot x2  
  107  7:22  SCV x2  
  109  7:27  Barracks  
  109  7:28  Barracks  
  109  7:30  SCV  
  109  7:31  Marine x3  
  109  7:33  Liberator  
  109  7:34  SCV x2  
  115  7:49  Advanced Ballistics  
  115  7:51  Barracks  
  118  7:53  Factory Reactor  
  118  7:56  SCV x2, Refinery  
  118  7:57  SCV, Marine, Command Center  
  122  8:06  Marine  
  122  8:07  Marauder  
  122  8:08  SCV x2  
  122  8:09  SCV  
  128  8:14  Supply Depot  
  128  8:15  Marine  
  128  8:16  Supply Depot  
  129  8:20  SCV x2  
  129  8:21  SCV  
  129  8:24  Marine  
  123  8:28  Marine  
  123  8:29  Medivac x2  
  123  8:31  Widow Mine x2  
  132  8:38  Supply Depot  
  132  8:40  Concussive Shells  
  132  8:41  Barracks Tech Lab  
  132  8:42  Barracks Reactor  
  132  8:44  Barracks  
  132  8:47  Barracks  
  132  8:48  Marine x3  
  132  8:49  Marauder  
  137  8:56  Medivac  
  137  8:57  Widow Mine x2  
  137  8:59  Medivac  
  137  9:01  Marine  
  137  9:02  Terran Infantry Armor Level 2, Terran Infantry Weapons Level 2  
  146  9:06  Marine x2  
  146  9:07  Marauder  
  146  9:09  SCV x2, Medivac, Marine  
  155  9:20  Marine x2, Marauder  
  155  9:24  Marine x2  
  160  9:27  Marine x2  
  163  9:32  Barracks Tech Lab  
  163  9:33  Supply Depot  
  163  9:38  Marine x2, SCV x4  
  169  9:39  Medivac  
  169  9:40  Marine, Widow Mine x2  
  169  9:41  Marine  
  169  9:42  Marine, Marauder  
  180  9:55  Marine x3, Marauder  
  180  9:56  Marine  
  180  9:57  Supply Depot  
  180  9:58  Marine  
  180  9:59  Marine  
  188  10:02  Supply Depot, Marine  
  188  10:03  Marauder  
  188  10:05  Supply Depot  
  180  10:12  Marine x2  
  153  10:17  Marine x3  
  153  10:18  Marauder  
  153  10:20  Barracks Tech Lab, Marine  
  147  10:25  Marauder  
  149  10:30  Marine x2  
  149  10:31  Widow Mine x2  
  149  10:35  Marine x3  
  156  10:39  Marauder  
  156  10:42  Marine  
  160  10:43  Marauder  
  160  10:46  Marine  
  160  10:48  Marine x2  
  162  10:50  Barracks  
  162  10:51  Liberator, Barracks, Ghost Academy  
  162  10:52  Liberator, Barracks, Planetary Fortress  
  162  10:56  SCV  
  162  10:57  SCV x2  
  157  11:03  Marine x3  
  157  11:04  Marauder  
  162  11:06  Marine  
  162  11:07  Marine x2, Marauder  
  162  11:08  Widow Mine x2  
  162  11:09  SCV x2, Medivac  
  181  11:21  Marine x4  
  181  11:22  Terran Infantry Armor Level 3, Terran Infantry Weapons Level 3  
  181  11:24  Marine  
  181  11:25  Marauder x3  
  192  11:28  Marine  
  192  11:30  Personal Cloaking  
  192  11:31  Supply Depot  
  193  11:34  SCV  
  193  11:38  Marine  
  193  11:39  Marine x2  
  187  11:40  Marine  
  187  11:41  Marine x3  
  187  11:42  Marine  
  187  11:46  Marine, Marauder x2  
  198  11:49  Widow Mine  
  200  12:03  Barracks Tech Lab x2, Barracks Reactor  
  200  12:14  Unknown  
  200  13:06  Refinery  
  200  13:07  Refinery  
  200  13:19  Command Center  
  200  13:26  Liberator  
  192  13:40  Marine x3  
  192  13:41  Marine x3, Marauder x2  
  176  13:42  Marauder x2  
  176  13:43  Medivac x2  
  187  13:58  Marine x3  
  187  13:59  Marine x3  
  187  14:02  Marine, Marauder  
  148  14:03  Marine, Marauder  
  148  14:06  Widow Mine  
  148  14:07  Widow Mine  
  148  14:09  Marine x2, Unknown x3, Marauder  
  148  14:16  Marine x4  
  145  14:17  Marine  
  145  14:19  Marine  
  145  14:20  Marauder  
  145  14:21  Marauder  
  153  14:24  Marauder  
  153  14:27  Marine x2  
  153  14:30  Marine  
  158  14:33  Marine  
  158  14:34  Marine x2  
  158  14:35  Marine  
  158  14:37  Marine  
  155  14:41  Marauder  
  155  14:43  Marauder  
  155  14:45  Marine x2, Marauder  
  158  14:48  Marine  
  158  14:49  Widow Mine x2  
  158  14:51  Marine  
  142  14:57  Marine x3  
  123  15:03  Marine, Marauder  
  123  15:04  Marauder x2  
  123  15:06  Marine, Marauder  
  110  15:09  Marine  
  110  15:11  Widow Mine x2  
  110  15:12  Liberator  
  114  15:14  Marine  
  114  15:15  Marine x2  
  114  15:21  Marine  
  118  15:24  Marine x2, Marauder  
  118  15:25  Marine  
  118  15:27  Marine x2  
  122  15:29  Medivac x2  
  122  15:32  Marine x2  
  122  15:33  Marine  
  132  15:38  Marine  
  132  15:42  Marine, Marauder  
  128  15:43  Marine  
  128  15:45  Marine x2, Marauder  
  130  15:50  Marine x3  
  130  15:56  Marine  
  134  15:59  Medivac x2  
  134  16:01  Marauder x2  
  134  16:03  Marine x2, Marauder  
  125  16:06  Marine  
  125  16:08  Marine x3  
  102  16:14  Marine  
Tags
 
Add a new tag
Caveats
  • Supply blocks, unpowered buildings, or Contaminate may cause inaccurate times.
  • Supply counts are checked every 10 seconds.